 Dungeon Crawl Stone Soup version 0.31-a0-455-g1a7b003ef0 (webtiles) character file.

Game seed: 1559369132823563613

97 123mememe the Shooter (level 4, -14/23 HPs)
             Began as a Spriggan Hunter on Aug 2, 2023.
             Killed from afar by Ijyb (16 damage)
             ... with a bolt of light
             ... on level 3 of the Dungeon on Aug 3, 2023.
             The game lasted 00:07:36 (1495 turns).

123mememe the Shooter (Spriggan Hunter)             Turns: 1495, Time: 00:07:37

Health: -14/23     AC:  2    Str:  9    XL:     4   Next: 42%
Magic:  5/5        EV: 18    Int: 10    God:
Gold:   82         SH:  0    Dex: 18    Spells: 3/3 levels left

rFire   . . .        a - +0 shortbow
rCold   . . .        (shield currently unavailable)
rNeg    . . .        c - +0 robe
rPois   .            (helmet restricted)
rElec   .            (no cloak)
rCorr   .            (gloves unavailable)
SInv    +            (boots unavailable)
Will    .....        (no amulet)
Stlth   +++          (no ring)
HPRegen 0.23/turn    (no ring)
MPRegen 0.09/turn

%: no passive effects
@: very quick
A: very small, no large weapons, unfitting armour, see invisible, speed 3
a: no special abilities


You were on level 3 of the Dungeon.
You visited 1 branch of the dungeon, and saw 3 of its levels.

You collected 82 gold pieces.

Inventory:

Hand Weapons
 a - a +0 shortbow (weapon)
 h - a +1 spear of flaming
 l - a +0 dagger of venom
 o - a +0 spectral long sword
Missiles
 i - 10 boomerangs
 k - 2 throwing nets
Armour
 c - a +0 robe (worn)
Jewellery
 j - a ring of resist corrosion
Scrolls
 b - a scroll of butterflies
 e - 3 scrolls of identify {unknown}
 g - a scroll of vulnerability {unknown}
 p - a scroll of poison {unknown}
 q - a scroll of teleportation {unknown}
Potions
 d - a potion of ambrosia {unknown}
 f - 2 potions of heal wounds {unknown}
 m - a potion of degeneration {unknown}
 n - a potion of attraction {unknown}
 r - a potion of might {unknown}


   Skills:
 + Level 2.2 Fighting
 * Level 4.8 Ranged Weapons
 + Level 3.7 Dodging
 + Level 3.3 Stealth


You had 3 spell levels left.
You didn't know any spells.
Your spell library contained the following spells:

 Spells                   Type           Power      Damage    Failure   Level
 Foxfire                  Conj/Fire      0%         2x1d4     36%         1
 Magic Dart               Conj           0%         1d3       36%         1
 Sandblast                Erth           0%         2d4       36%         1
 Passwall                 Tmut/Erth      0%         N/A       50%         2
 Stone Arrow              Conj/Erth      0%         3d7       75%         3
 Animate Armour           Summ/Erth      0%         N/A       98%         4
 Plasma Beam              Fire/Air       0%         2x1d10    100%        6
 Starburst                Conj/Fire      0%         6d3       100%        6
 Lehudib's Crystal Spear  Conj/Erth      0%         10d2      100%        8


Dungeon Overview and Level Annotations

Branches:
Dungeon (3/15)

Altars:
Makhleb
Okawaru
Qazlal

Annotations:
D:3 Ijyb


Innate Abilities, Weirdness & Mutations

You are very small and have problems with some larger weapons.
You are too small for most types of armour.
You have supernaturally acute eyesight. (SInv)
You cover ground extremely quickly. (Speed+++)


Message History

You kill the kobold!
You shoot an arrow. The arrow hits Ijyb.
Ijyb is lightly wounded.
Ijyb zaps a wand.
The bolt of light misses you.
You shoot an arrow. The arrow hits Ijyb!
Ijyb is moderately wounded.
Ijyb zaps a wand.
The bolt of light misses you.
You shoot an arrow. The arrow hits Ijyb but does no damage.
Ijyb is moderately wounded.
You shoot an arrow. The arrow hits Ijyb.
Ijyb is moderately wounded.
Ijyb hits you with a +0 club.
You shoot an arrow. The arrow hits Ijyb.
Ijyb is heavily wounded.
Ijyb barely misses you.
You shoot an arrow. The arrow closely misses Ijyb.
Ijyb completely misses you.
Ijyb zaps a wand.
The bolt of light misses you.
You hear a shout!
A goblin comes into view. It is wielding a +0 club.
Ijyb zaps a wand.
The bolt of light misses you.
You shoot an arrow. The arrow completely misses Ijyb.
You shoot an arrow. The arrow closely misses Ijyb.
You shoot an arrow. The arrow barely misses Ijyb.
Ijyb zaps a wand.
The bolt of light misses you.
You shoot an arrow. The arrow hits the goblin.
The goblin is heavily wounded.
You shoot an arrow. The arrow barely misses the goblin.
You shoot an arrow. The arrow hits the goblin.
You kill the goblin!
Ijyb zaps a wand.
The bolt of light hits you!!
You are confused.
Ouch! That really hurt!
* * * LOW HITPOINT WARNING * * *
You are too injured to fight recklessly!
You bump into the rock wall.
You feel less confused.
There is a stone staircase leading up here.
Ijyb zaps a wand.
The bolt of light hits you!
Ouch! That really hurt!
You die...

###...........#....#.....#.......
..#.............# +.....#.......
..............### #.....#.......
..............### #.....#.......
.....#............ #.....#.....†.
...#.#.#############.....#.#.....
##.#.#.##........#.............##
#.#.#.#.....###.#.######.##..(#.
#.#.#.#.)##.g..@#.# #......#.
#.#.#+#.)######.#.######.#.>..##
#........##.....#'##.....##....'
##.........#.####......#####...##
<......................# #####.
#............###.......# #.
#................#.##+## ##
#...........##......
............#........


You could see Ijyb.

Vanquished Creatures
  Jessica (D:2)
  An adder (D:2)
  5 ball pythons
  3 bats
  5 endoplasms
  3 giant cockroaches (D:1)
  6 hobgoblins
  12 jackals
  2 quokkas (D:1)
  3 frilled lizards
  3 goblins
  4 kobolds
  7 rats
55 creatures vanquished.

Notes
Turn   | Place    | Note
-------+----------+-------------------------------------------
     0 | D:1      | 123mememe the Spriggan Hunter began the quest for the Orb.
     0 | D:1      | Reached XP level 1. HP: 10/10 MP: 2/2
     9 | D:1      | Upgraded the game from 0.31-a0-441-g867994ef1c to
                  | 0.31-a0-455-g1a7b003ef0
   140 | D:1      | Reached XP level 2. HP: 14/15 MP: 3/3
   358 | D:1      | Found a faded altar of an unknown god.
   366 | D:1      | Got Plato's Secrets of Injury
   374 | D:1      | Reached XP level 3. HP: 18/18 MP: 4/4
  1116 | D:2      | Noticed Jessica
  1118 | D:2      | Killed Jessica
  1119 | D:2      | Reached XP level 4. HP: 23/23 MP: 5/5
  1208 | D:3      | Found a stormy altar of Qazlal.
  1233 | D:3      | Found a burning altar of Makhleb.
  1369 | D:3      | Found an iron altar of Okawaru.
  1460 | D:3      | Noticed Ijyb
  1486 | D:3      | HP: 1/23 [Ijyb/bolt of light (22)]
  1495 | D:3      | Killed from afar by Ijyb

Illustrated notes

Levels and vault maps discovered:
D:1:      sevenhm_arrival_forest_fort_small_4, layout_rooms,
          shapermc_ecumenical_altar_rom_forum, supply_closet_lemuel
D:2:      layout_loops_ring, uniq_jessica
D:3:      cheibrodos_old_hovel, layout_basic, nicolae_qazlal_scattered_showers,
          hellmonk_okawaru_the_only_friend_you_need,
          mainiacjoe_overflow_brackets, uniq_ijyb

Skill      XL: |  1  2  3 |
---------------+----------+-----
Stealth        | 2 3 |  3.3
Dodging        | 3 |  3.7
Fighting       | 2 |  2.2
Ranged Weapons | |  4.8

Action                     |  1- 3 |  4- 6 || total
---------------------------+-------+-------++-------
   Fire: Shortbow          |   116 |    56 ||   172
 Armour: Robe              |     9 |     5 ||    14
  Dodge: Dodged            |    71 |    34 ||   105

Table legend: (Time is in decaauts)
 A = Elapsed time spent in this place.
 B = Non-inter-level travel time spent in this place.
 C = Inter-level travel time spent in this place.
 D = Time resting spent in this place.
 E = Time spent auto-exploring this place.
 F = Levels seen in this place.
 G = Mean time per level.
                   A        B        C        D        E       F      G
               +--------+--------+--------+--------+--------+-----+--------+
         Total |   1035 |   1007 |     28 |      0 |    662 |   3 |  345.0 |
       Dungeon |   1035 |   1007 |     28 |      0 |    662 |   3 |  345.0 |
               +--------+--------+--------+--------+--------+-----+--------+

Top non-repeatable levels by time:
     D:2: 421 daAuts
     D:1: 382 daAuts
     D:3: 231 daAuts
